 Dungeon Crawl Stone Soup version 0.17-a0-1570-g74b7129 (console) character file.

322 Monkaria the Skirmisher (level 6, -2/61 HPs)
             Began as a Deep Dwarf Berserker on July 23, 2015.
             Was a Believer of Trog.
             Slain by a gnoll
             ... wielding a +0 halberd
              (14 damage)
             ... on level 3 of the Dungeon.
             The game lasted 00:04:26 (1848 turns).

Monkaria the Skirmisher (Deep Dwarf Berserker)      Turns: 1848, Time: 00:04:26

Health: -2/61      AC:  3    Str: 22    XL:     6   Next: 22%
Magic:  5/5        EV: 12    Int:  7    God:    Trog [**....]
Gold:   175        SH:  0    Dex: 13    Spells: 0 memorised, 5 levels left

rFire  + . .     SeeInvis .     a - +0 hand axe
rCold  + . .     Clarity  .     s - +1 robe {rC+ rF+}
rNeg   . . .     SustAt   .     (no shield)
rPois  +         Gourm    .     (no helmet)
rElec  .         Spirit   .     (no cloak)
rCorr  .         Warding  .     (no gloves)
rMut   .         Stasis   .     (no boots)
MR     ++...                    (no amulet)
Stlth  +.........               x - ring of poison resistance
                                (no ring)

@: non-regenerating, very resistant to hostile enchantments, very unstealthy
A: damage resistance, recharge devices, sense surroundings 1, slow healing 3
a: Device Recharging, Burn Spellbooks, Berserk, Trog's Hand, Renounce Religion


You were on level 3 of the Dungeon.
You worshipped Trog.
Trog was pleased with you.
You were hungry.

You visited 1 branch of the dungeon, and saw 3 of its levels.

You collected 175 gold pieces.

Inventory:

Hand weapons
 a - a +0 hand axe (weapon)
Armour
 s - a +1 robe of resistance (worn)
Jewellery
 l - an uncursed ring of fire
 x - a ring of poison resistance (right hand)
Magical devices
 c - a wand of heal wounds (6)
 q - a wand of enslavement (0)
Scrolls
 e - 2 scrolls of teleportation
 h - 2 scrolls of enchant armour {unknown}
 j - 5 scrolls of identify {unknown}
 p - 2 scrolls of blinking {unknown}
 r - a scroll of remove curse {unknown}
 y - a scroll of fear {unknown}
Potions
 b - a potion of lignification {unknown}
 f - 3 potions of curing
 g - 2 potions of flight {unknown}
 i - a potion of brilliance {unknown}
 k - 3 potions of haste {unknown}
 m - a potion of cancellation {unknown}
 n - 2 potions of cure mutation {unknown}
 u - a potion of might {unknown}
 v - 2 potions of poison {unknown}
 z - a potion of heal wounds {unknown}
Books
 w - a book of Debilitation

   Spells                             Type                      Level
   a - Corona                         Hexes                        1
   b - Slow                           Hexes                        2
   c - Gell's Gravitas                Hexes/Translocation          3
   d - Inner Flame                    Hexes/Fire                   3
   e - Cause Fear                     Hexes                        4
   f - Leda's Liquefaction            Hexes/Earth                  4
   Trog disapproves of the use of such an item.
Comestibles
 d - 3 bread rations
 o - 3 fruits
 t - a meat ration


   Skills:
 - Level 5.5 Fighting
 + Level 5.0 Axes
 - Level 2.1 Armour
 - Level 2.1 Dodging


You had 5 spell levels left.
You didn't know any spells.

Dungeon Overview and Level Annotations

Branches:
Dungeon (3/15)

Altars:
Kikubaaqudgha
Ru
Vehumet


Innate Abilities, Weirdness & Mutations

You are resistant to damage.
You can recharge devices by infusing magical energy.
You passively map a small area around you.
You do not heal naturally.


Message History

You feel slightly more hungry.
You barely miss the gnoll. You barely miss the gnoll.
The gnoll barely misses you. The gnoll closely misses you.
You barely miss the gnoll. The gnoll hits you with a spear.
You hit the gnoll but do no damage. The gnoll closely misses you.
The gnoll closely misses you.
You closely miss the gnoll. The gnoll barely misses you.
The gnoll barely misses you.
You hit the gnoll but do no damage.
You feel the effects of Trog's Hand fading.
The gnoll hits you with a spear.
The gnoll hits you from afar with a halberd!
* * * LOW HITPOINT WARNING * * *
You hit the gnoll.
The gnoll is moderately wounded.
The gnoll hits you with a spear.
* * * LOW HITPOINT WARNING * * *
The gnoll hits you from afar with a halberd!
You die...

, * #..# #...####.#
#..###........# *,
* **........####..#
+...##........†# ,
* * , *#.#...#.#.#
,
*####.###.#.#.#####
,
##....##..........#
* #..
#.......#.###.#
########
##...#@##....#.#
.......#
#...gg......##.#
.......#
##.#.###.#####.. *
.......# ... ..)#
#.# .......# ###
#...., ... .......#
####.# ##. *
.......# .# ,,*
#.##+### *.# *
#......# *.. ,,


You could see 2 gnolls.

Vanquished Creatures
  Sigmund (D:2)
  An orc wizard (D:3)
  7 adders
  A gnoll (D:3)
  A shadow imp (D:3)
  An ooze (D:1)
  2 giant geckos (D:2)
  5 orcs (D:3)
  2 giant cockroaches
  4 goblins
  4 hobgoblins
  4 jackals (D:2)
  2 kobolds
  2 ball pythons (D:2)
  12 bats
  3 giant newts
  5 rats
57 creatures vanquished.

Notes
Turn   | Place    | Note
--------------------------------------------------------------
     0 | D:1      | Monkaria the Deep Dwarf Berserker began the quest for the Orb.
     0 | D:1      | Reached XP level 1. HP: 20/20 MP: 1/1
   263 | D:1      | Reached XP level 2. HP: 24/28 MP: 2/2
   463 | D:2      | Noticed Sigmund
   508 | D:2      | Killed Sigmund
   508 | D:2      | Reached skill level 5 in Fighting
   508 | D:2      | Reached XP level 3. HP: 29/39 MP: 3/3
   508 | D:2      | Reached XP level 4. HP: 34/46 MP: 4/4
   508 | D:2      | Reached XP level 5. HP: 38/52 MP: 5/5
   555 | D:2      | Found an ancient bone altar of Kikubaaqudgha.
   754 | D:2      | Acquired Trog's second power
   797 | D:2      | Found a radiant altar of Vehumet.
   991 | D:2      | Found a sacrificial altar of Ru.
  1356 | D:3      | Reached XP level 6. HP: 19/61 MP: 6/6
  1826 | D:3      | Reached skill level 5 in Axes
  1848 | D:3      | Slain by a gnoll

Vault maps used:
D:1:      dpeg_arrival_more_subterranean_lakeside_camping
D:2:      nicolae_overflow_hidden_temple, nicolae_ru_the_path_less_chosen,
          lemuel_coloured_pillars_altar, first_bread, uniq_sigmund
D:3:      minivault_4

Action                   |  1- 3 |  4- 6 || total
-------------------------+-------+-------++-------
Melee: Hand axe          |    42 |   159 ||   201
Invok: Berserk           |     1 |       ||     1
       Trog's Hand       |       |     3 ||     3
 Abil: Device Recharging |       |     1 ||     1
Evoke: Wand              |     1 |     5 ||     6
  Use: Scroll            |     1 |       ||     1
       Potion            |     1 |       ||     1
  Eat: Chunk             |       |     4 ||     4
